[Event "*** Titled Tuesday 3|2 Blitz (Early)"]
[Site "Chess.com"]
[Date "2017.01.03"]
[Round "4"]
[White "Tash_Boy"]
[Black "Spas_Kozhuharov"]
[Result "0-1"]
[WhiteElo "2450"]
[BlackElo "2474"]
[TimeControl "180+2"]
[EndTime "11:48:59 PST"]
[Termination "Spas_Kozhuharov won by checkmate"]

1. e4 c6 2. d4 d5 3. Nd2 dxe4 4.
Nxe4 Nd7 5. Ng5 Ngf6 6. Bc4 e6 7. N1f3 h6 8. Nh3 g5 9. Nd2 Bd6 10. Nb3 Qc7 11. Qe2 b6 12. Bd2 Bb7 13. O-O-O O-O-O 14. f3 Bxh2 15. a4 Bg3 16. Kb1 Nd5 17. Nf2 Nf4 18.
Qf1 f5 19. Rg1 e5 20. Bc3 Nd5 21. Bxd5 cxd5 22. dxe5 Bxe5 23. Nd4 Qc4 24. Qxc4+ dxc4 25. Ne6 Rde8 26. Bxe5 Nxe5 27. Ng7 Ref8 28. Rge1 Nc6 29. Re6 Rhg8 30. Nh5 Re8 31. Rxh6 Re2 32. Nh3 Nb4 33. Nf6 Rd8 34. Rxd8+ Kxd8 35. Nxg5 Re1# 0-1

[Event "*** Titled Tuesday 3|2 Blitz (Early)"]
[Site "Chess.com"]
[Date "2017.01.03"]
[Round "4"]
[White "Tesla37"]
[Black "gumersindo"]
[Result "0-1"]
[WhiteElo "2556"]
[BlackElo "2359"]
[TimeControl "180+2"]
[EndTime "11:49:00 PST"]
[Termination "gumersindo won by resignation"]

1. e4 e6 2. d4 d5 3. e5 c5 4. c3 Nc6 5. Nf3 Qb6 6. Be2 Bd7 7.
O-O Nge7 8. Na3 cxd4 9. cxd4 Nf5 10. Nc2 Be7 11. g3 h5 12. h4 Nb4 13. Nxb4 Bxb4 14. a3 Be7 15. b4 Bb5 16. Bxb5+ Qxb5 17. Kg2 Rc8 18. Bf4 O-O 19. Bg5 Bxg5 20. hxg5 g6 21. Qd2 Rc4 22. Qf4 Kg7 23. Rad1 Qa4 24. Rd3 Qc2 25.
Rfd1 Rc3 26. Rxc3 Qxc3 27. Nh4 Qxa3 28. Nxf5+ gxf5 29. Rh1 Rh8 30. Qd2 Kg6 31. b5 Qa4 32. Qb2 Qc4 33. b6 axb6 34. Qxb6 Qd3 35. Rh4 Rc8 36.
Qxb7 Rc1 37. Qb2 Qf1+ 38. Kf3 Rd1 39. g4 Rd3+ 40. Kf4 fxg4 41. Qc2 Qd1 0-1

[Event "*** Titled Tuesday 3|2 Blitz (Early)"]
[Site "Chess.com"]
[Date "2017.01.03"]
[Round "4"]
[White "ChristopherYoo"]
[Black "Ilja_Semjonovs"]
[Result "0-1"]
[WhiteElo "2059"]
[BlackElo "2156"]
[TimeControl "180+2"]
[EndTime "11:49:03 PST"]
[Termination "Ilja_Semjonovs won by resignation"]

1. e4 c5 2. Nf3 d6 3. d4 cxd4 4.
Nxd4 Nf6 5. Nc3 a6 6. f3 e5 7.
Nb3 Be6 8. Be3 Be7 9. Qd2 O-O 10.
O-O-O a5 11. a4 Nc6 12. g4 Nb4 13. h4 Qc7 14. h5 d5 15. g5 d4 16. gxf6 Bxf6 17.
Nxd4 exd4 18. Bxd4 Rad8 19. Nb5 Qc6 20. c3 Bxd4 21. Nxd4 Qxa4 22. Qf2 Qa1+ 23. Kd2 Qxb2+ 24. Ke1 Qxc3+ 25. Qd2 Nc2+ 26. Nxc2 Rxd2 27. Rxd2 Rd8 28. Rh2 a4 29. Kd1 Rxd2+ 30. Rxd2 h6 31. Bd3 a3 32.
Ne3 a2 33. Nc2 Bb3 34. Ke2 Bxc2 35. Rxc2 Qxc2+ 36. Bxc2 a1=Q 37. Bd3 b5 38. Ke3 b4 39. Bc4 b3 40. Bxb3 Qc3+ 41. Kf4 Qxb3 42. Kg4 Qe3 43. Kg3 g5 44. hxg6 fxg6 45. Kg4 Kf7 46. Kg3 h5 47. Kg2 Kf6 48. Kg3 Ke5 49. Kg2 Kf4 50. Kh2 Qf2+ 51.
Kh1 Kg3 0-1

[Event "*** Titled Tuesday 3|2 Blitz (Early)"]
[Site "Chess.com"]
[Date "2017.01.03"]
[Round "4"]
[White "FairChess_on_YouTube"]
[Black "DuleMudule"]
[Result "1/2-1/2"]
[WhiteElo "2767"]
[BlackElo "2519"]
[TimeControl "180+2"]
[EndTime "11:49:08 PST"]
[Termination "Game drawn by repetition"]

1. d4 d5 2. c4 Nc6 3. Nc3 Nf6 4.
cxd5 Nxd5 5. e4 Nxc3 6. bxc3 e5 7. d5 Nb8 8. Ne2 Nd7 9. Ng3 Nc5 10. Be3 Bd6 11. Bb5+ Bd7 12. Rb1 b6 13. O-O Bxb5 14.
Rxb5 O-O 15. Nf5 g6 16. Nxd6 cxd6 17. Bxc5 bxc5 18. Qa4 Qd7 19. Qa6 Rab8 20. Rfb1 Rxb5 21. Qxb5 Qg4 22. Qd3 f5 23. exf5 Rxf5 24. Rb8+ Kg7 25. Rb7+ Rf7 26. h3 Qa4 27. Rxf7+ Kxf7 28. Qb1 Qa6 29.
Qb8 h5 30. Qd8 Qb6 31. Qd7+ Kf6 32. Qe6+ Kg7 33. Qe7+ Kh6 34. h4 Qb1+ 35. Kh2 Qf5 36. Kg1 Qb1+ 37. Kh2 Qf5 38. f3 Qf4+ 39. Kh3 Qf5+ 40.
Kg3 Qf4+ 41. Kf2 Qd2+ 42. Kg1 Qe3+ 43. Kh1 Qc1+ 44. Kh2 Qf4+ 45. Kg1 Qc1+ 46. Kh2 Qf4+ 1/2-1/2

[Event "*** Titled Tuesday 3|2 Blitz (Early)"]
[Site "Chess.com"]
[Date "2017.01.03"]
[Round "4"]
[White "Chopper1905"]
[Black "Aygehovit1992"]
[Result "0-1"]
[WhiteElo "2594"]
[BlackElo "2464"]
[TimeControl "180+2"]
[EndTime "11:49:09 PST"]
[Termination "Aygehovit1992 won by resignation"]

1. Nf3 Nf6 2. b3 g6 3. Bb2 Bg7 4.
g3 O-O 5. c4 c5 6. Bg2 Nc6 7. O-O b6 8. d4 cxd4 9. Nxd4 Bb7 10. Nc3 Rc8 11. Rc1 Re8 12. e3 d6 13.
Re1 Qd7 14. Nc2 Ne5 15. e4 Qc7 16. h3 Qb8 17. Nb4 a6 18. Nbd5 Bc6 19. Qe2 e6 20. Nxf6+ Bxf6 21. a4 Qb7 22. Red1 Red8 23. f4 Nd7 24.
Rxd6 Nc5 25. Rxd8+ Rxd8 26. b4 Nd3 27. Rd1 Nxb4 28. e5 Be7 29. Ne4 Rxd1+ 30. Qxd1 Bxe4 31. Bf1 Qc7 32. Kh2 Bb7 33. h4 Qc6 34. Bh3 Nd3 35.
Bd4 Bc5 36. Bxc5 bxc5 37. h5 gxh5 38. g4 h4 39. g5 Kf8 40. f5 exf5 41. Qb1 Qf3 0-1

[Event "*** Titled Tuesday 3|2 Blitz (Early)"]
[Site "Chess.com"]
[Date "2017.01.03"]
[Round "4"]
[White "AdrianaNikolova"]
[Black "FrankieJay"]
[Result "1-0"]
[WhiteElo "2274"]
[BlackElo "2280"]
[TimeControl "180+2"]
[EndTime "11:49:13 PST"]
[Termination "AdrianaNikolova won by resignation"]

1. e4 c5 2. c3 Nf6 3. e5 Nd5 4. d4 cxd4 5. Nf3 Nc6 6. cxd4 d6 7. Bc4 Nb6 8. Bb5 dxe5 9. Nxe5 Bd7 10. Nxd7 Qxd7 11. O-O e6 12. Nc3 Be7 13. Be3 O-O 14. Qg4 Kh8 15. Rad1 Nd5 16. Bxc6 Qxc6 17.
Rc1 Qd7 18. Bg5 Bxg5 19. Qxg5 Rad8 20. Ne4 b6 21. Qg3 h6 22. Rfd1 f5 23. Nd2 f4 24.
Qg4 g5 25. Nc4 Kg7 26. Ne5 Qe8 27. Re1 Nf6 28. Qd1 Rd5 29. Rc7+ Kh8 30. Qd3 Nd7 31. Ng6+ Kg8 32. Nxf8 Nxf8 33. Qe4 a5 34. Qxd5 1-0

[Event "*** Titled Tuesday 3|2 Blitz (Early)"]
[Site "Chess.com"]
[Date "2017.01.03"]
[Round "4"]
[White "PowerThinking2650"]
[Black "Rickstereo"]
[Result "1-0"]
[WhiteElo "2279"]
[BlackElo "2168"]
[TimeControl "180+2"]
[EndTime "11:49:19 PST"]
[Termination "PowerThinking2650 won by resignation"]

1. e4 c5 2. Nf3 Nc6 3. d4 cxd4 4.
Nxd4 Nf6 5. Nc3 e5 6. Ndb5 d6 7.
Bg5 a6 8. Na3 b5 9. Nd5 Be7 10.
Bxf6 Bxf6 11. c3 O-O 12. Nc2 Bg5 13. a4 bxa4 14. Rxa4 a5 15. Bc4 Be6 16. b3 Ne7 17.
O-O Rc8 18. Nce3 Bxe3 19. Nxe3 Qb6 20. Bxe6 fxe6 21. Nc4 Qb8 22. Rxa5 d5 23. exd5 exd5 24. Ne3 Rxc3 25. Nxd5 Nxd5 26. Qxd5+ Kh8 27. Rb5 Qc7 28. Rb7 Qc5 29. Qxc5 Rxc5 30. g3 Rc2 31. f4 exf4 32. Rxf4 Rg8 33. Rf2 Rc1+ 34. Kg2 h5 35. h4 Rc3 36.
Rf5 Rd8 37. Rxh5+ Kg8 38. Rg5 1-0

[Event "*** Titled Tuesday 3|2 Blitz (Early)"]
[Site "Chess.com"]
[Date "2017.01.03"]
[Round "4"]
[White "MrReinberg"]
[Black "saraswathii"]
[Result "1-0"]
[WhiteElo "2030"]
[BlackElo "1602"]
[TimeControl "180+2"]
[EndTime "11:49:23 PST"]
[Termination "MrReinberg won by resignation"]

1. e4 c5 2. Nc3 e6 3. d3 Nc6 4. g3 Nf6 5. Bg2 d5 6. f4 dxe4 7. Nxe4 Nxe4 8. dxe4 Qxd1+ 9. Kxd1 Bd7 10. c3 O-O-O 11. Kc2 e5 12. f5 g6 13. g4 h5 14. h3 hxg4 15. hxg4 Rxh1 16. Bxh1 gxf5 17. exf5 Na5 18. b3 c4 19. b4 Ba4+ 20. Kb2 Nc6 21. Be3 Rd3 22. Re1 Nxb4 23. Be4 Rd8 24. cxb4 Bxb4 25.
Rc1 c3+ 26. Rxc3+ Bxc3+ 27. Kxc3 b6 28. g5 Kc7 29. g6 fxg6 30. fxg6 Kd6 31. g7 Rc8+ 32.
Kd2 Bb5 33. Nf3 Bc4 34. a3 Rc7 35. Bd3 Bg8 36. Nh4 Kd5 37. Nf5 e4 38. Be2 Ke5 39.
Bg4 b5 40. Bd4+ Kd5 41. Ke3 a6 42. Nh6 Bh7 43. Bf5 Rc1 44. Bxh7 Re1+ 45. Kd2 Rg1 46.
Bxg1 1-0

[Event "*** Titled Tuesday 3|2 Blitz (Early)"]
[Site "Chess.com"]
[Date "2017.01.03"]
[Round "4"]
[White "Krutoy123"]
[Black "Anton_Demchenko"]
[Result "1-0"]
[WhiteElo "2451"]
[BlackElo "2630"]
[TimeControl "180+2"]
[EndTime "11:49:30 PST"]
[Termination "Krutoy123 won by checkmate"]

1. Nf3 Nf6 2. g3 g6 3. Bg2 Bg7 4. O-O O-O 5. d3 d6 6. c4 e5 7. Nc3 h6 8. a3 a5 9. b3 c6 10.
e4 Be6 11. d4 Nbd7 12. d5 cxd5 13. cxd5 Bg4 14. h3 Bxf3 15. Bxf3 Nc5 16. Be3 Rc8 17. h4 Qd7 18. b4 axb4 19. axb4 Na6 20. Na4 Qd8 21.
Nb6 Rc3 22. Qd2 Rb3 23. Rab1 Rxb1 24. Rxb1 h5 25. Rc1 Nc7 26. Qe2 Qe7 27. Qc4 Nfe8 28. b5 Kh7 29. Be2 Bh6 30. Bxh6 Kxh6 31. Nc8 Qd8 32.
b6 Na6 33. Qxa6 bxa6 34. b7 Qa5 35. b8=Q Qd2 36. Rf1 Qxe2 37. Nxd6 Qc2 38. Nxe8 Qa4 39. Qc7 Qxe8 40. Rb1 Qd8 41. Qxe5 Re8 42. Qd4 Qe7 43. Rb4 a5 44. d6 Qd7 45. Ra4 Qc6 46. Rxa5 Rxe4 47.
Qh8# 1-0

[Event "*** Titled Tuesday 3|2 Blitz (Early)"]
[Site "Chess.com"]
[Date "2017.01.03"]
[Round "4"]
[White "Kouzari"]
[Black "chito89"]
[Result "1/2-1/2"]
[WhiteElo "2407"]
[BlackElo "2511"]
[TimeControl "180+2"]
[EndTime "11:49:32 PST"]
[Termination "Game drawn - insufficient material"]

1. d4 d6 2. c4 Nf6 3. Nc3 Nbd7 4.
e4 e5 5. d5 g6 6. f3 h5 7. Be3 Bh6 8. Bxh6 Rxh6 9. Qd2 Rh8 10.
Bd3 a5 11. Nge2 Nc5 12. Bc2 Bd7 13. h4 c6 14. O-O-O cxd5 15. Nxd5 Nxd5 16. Qxd5 Be6 17. Qxd6 Qxd6 18. Rxd6 Bxc4 19. Nc3 Ke7 20. Rhd1 Rhd8 21. Rxd8 Rxd8 22. Rxd8 Kxd8 23. Kd2 Ne6 24. Ke3 Nd4 25. Bd1 Ke7 26. g4 hxg4 27. fxg4 Kf6 28. Nd5+ Bxd5 29. exd5 Nb5 30. g5+ Ke7 31. h5 gxh5 32. Bxh5 Nd6 33.
b3 Nf5+ 34. Kd3 Nd6 35. a4 b6 36. Ke3 Nf5+ 37. Kd3 e4+ 38. Kc4 Ng3 39. Bg4 e3 40. Kb5 e2 41. Bxe2 Nxe2 42. Kxb6 Kd6 43. Kxa5 Nd4 44.
b4 Nf3 45. Kb6 Ne5 46. a5 Nc4+ 47. Kb7 Kxd5 48. a6 Nd6+ 49. Kb6 Kc4 50. Kc6 Nb5 51. Kd7 Kxb4 52. Ke7 Ka5 53. g6 fxg6 54. a7 Nc7 55. Kf6 g5 56. Kxg5 Ka6 57. a8=Q+ Nxa8 1/2-1/2

[Event "*** Titled Tuesday 3|2 Blitz (Early)"]
[Site "Chess.com"]
[Date "2017.01.03"]
[Round "4"]
[White "eldur16"]
[Black "bivark"]
[Result "0-1"]
[WhiteElo "2071"]
[BlackElo "2363"]
[TimeControl "180+2"]
[EndTime "11:50:02 PST"]
[Termination "bivark won by resignation"]

1. d4 d5 2. c4 c6 3. Nf3 Nf6 4. e3 a6 5. Nbd2 Bg4 6. Bd3 e6 7. O-O Nbd7 8. b3 Bd6 9. h3 Bh5 10. Bb2 Bg6 11. Qc2 O-O 12. Rad1 Qe7 13. e4 dxe4 14.
Nxe4 Nxe4 15. Bxe4 Bxe4 16. Qxe4 Rfe8 17. Rfe1 Bb4 18.
Re2 Rad8 19. g3 h6 20. Kg2 Ba3 21. Ba1 Bd6 22. d5 exd5 23. Qg4 f5 24. Qg6 Qf8 25. Rxe8 Rxe8 26. Bxg7 Qf7 27. Qxh6 Qxg7 28. Qxd6 Re4 29. cxd5 c5 30. Qc7 Re2 31. Nh4 Qe7 32. Rf1 Qe4+ 33. Kg1 Ne5 34. Qc8+ Kf7 35. Qxb7+ Kf6 36. Qxa6+ Kg5 37.
Qe6 Nf3+ 38. Nxf3+ Qxf3 39. h4+ Kh5 40. Qf7+ Kg4 41.
Kh2 Rxf2+ 42. Rxf2 Qxf2+ 43. Kh1 Kh3 0-1

[Event "*** Titled Tuesday 3|2 Blitz (Early)"]
[Site "Chess.com"]
[Date "2017.01.03"]
[Round "4"]
[White "Ginger_GM"]
[Black "gmsakk"]
[Result "0-1"]
[WhiteElo "2455"]
[BlackElo "2468"]
[TimeControl "180+2"]
[EndTime "11:50:03 PST"]
[Termination "gmsakk won by resignation"]

1. d4 d5 2. c4 c6 3. Nc3 Nf6 4.
Nf3 a6 5. h4 dxc4 6. e4 b5 7. e5 Nd5 8. Ng5 h6 9. Nge4 Bf5 10. g4 Nxc3 11. Nxc3 Bd3 12. Bxd3 cxd3 13. e6 Qxd4 14. exf7+ Kxf7 15. Be3 d2+ 16. Bxd2 Nd7 17. Qe2 b4 18. Ne4 Ne5 19. O-O e6 20. Rac1 Be7 21.
Kg2 Rhd8 22. f4 Nxg4 23. f5 Nf6 24. fxe6+ Kg8 25. Nxf6+ Bxf6 26. Bf4 Qd5+ 27. Kh2 Re8 28. Rce1 Bxh4 29. Rd1 Qxe6 30. Qg2 Qe2 31. Qxe2 Rxe2+ 32. Kh3 Bf6 33. b3 Rxa2 34. Bxh6 Rb2 35. Rd3 a5 36. Rg3 Kh7 37. Bc1 Rc2 38. Kg4 Rc3 39. Be3 Re8 40.
Rff3 Rxb3 41. Kf5 Kg8 42. Kg6 a4 43. Rxf6 Rbxe3 44. Rxe3 Rxe3 45. Rxc6 Re8 46. Rc7 Re6+ 47. Kf5 Rb6 48. Rc8+ Kf7 49. Rc4 b3 50. Rc7+ Ke8 51.
Rc8+ Kd7 0-1

[Event "*** Titled Tuesday 3|2 Blitz (Early)"]
[Site "Chess.com"]
[Date "2017.01.03"]
[Round "4"]
[White "Kawhi_Leonard2"]
[Black "visa"]
[Result "1-0"]
[WhiteElo "2204"]
[BlackElo "2154"]
[TimeControl "180+2"]
[EndTime "11:50:09 PST"]
[Termination "Kawhi_Leonard2 won by resignation"]

1. e4 d6 2. d4 Nf6 3. Nc3 Nbd7 4.
f3 e5 5. Nge2 Be7 6. Be3 c6 7.
Qd2 b5 8. g4 Nb6 9. Ng3 g6 10.
h4 Be6 11. h5 b4 12. Nd1 a5 13.
hxg6 fxg6 14. g5 Nfd7 15. d5 cxd5 16. exd5 Nxd5 17. Bc4 Nxe3 18. Bxe6 Bxg5 19. Nxe3 Nf8 20. Bc4 Qb6 21. Ngf1 Rc8 22. Qd3 Nd7 23. O-O-O Rxc4 24.
Qxc4 Bxe3+ 25. Kb1 Bc5 26. Qe6+ Kd8 27. Nd2 Re8 28.
Qf7 Re7 29. Qg8+ Kc7 30. Rxh7 Rxh7 31. Qxh7 g5 32. Ne4 Bd4 33. Nxg5 b3 34. axb3 a4 35.
Ne6+ Kc6 36. Nxd4+ exd4 37. Qe4+ d5 38. Qe6+ Kc7 39.
Qxd5 axb3 40. Qxb3 Qc5 41. Qd3 Ne5 42. Qxd4 Qxd4 43.
Rxd4 Nxf3 44. Rd1 Ne5 45. b3 Nc6 46. c4 Kb6 47. Kb2 Kc5 48. Rd5+ Kb6 49. Kc3 Kc7 50.
b4 1-0

[Event "*** Titled Tuesday 3|2 Blitz (Early)"]
[Site "Chess.com"]
[Date "2017.01.03"]
[Round "4"]
[White "evgenyermolaev"]
[Black "HK1974"]
[Result "1-0"]
[WhiteElo "2401"]
[BlackElo "2187"]
[TimeControl "180+2"]
[EndTime "11:50:10 PST"]
[Termination "evgenyermolaev won on time"]

1. e4 c5 2. Nf3 e6 3. d4 cxd4 4.
Nxd4 Nf6 5. Nc3 Bb4 6. e5 Nd5 7. Bd2 Nxc3 8. bxc3 Be7 9. Qg4 O-O 10. Bh6 g6 11. Bxf8 Bxf8 12. Bd3 Qa5 13. O-O Qxe5 14. Rfe1 Qa5 15. Nf3 Qxc3 16. Ng5 Nc6 17. Qf4 Qg7 18. Qc7 d5 19. Rab1 h6 20.
Nf3 f5 21. Qf4 Qf6 22. c4 g5 23. Qc7 d4 24. Rxb7 Ne7 25. Rxa7 Rxa7 26. Qxa7 g4 27. Ne5 Bg7 28. Qc7 Kh7 29. a4 Qg5 30. Bf1 Qd2 31. Re2 Qd1 32. Qxe7 d3 33. Nxd3 Qxd3 34. Rxe6 1-0

[Event "*** Titled Tuesday 3|2 Blitz (Early)"]
[Site "Chess.com"]
[Date "2017.01.03"]
[Round "4"]
[White "AlexanderL"]
[Black "GMMelik"]
[Result "1-0"]
[WhiteElo "2580"]
[BlackElo "2412"]
[TimeControl "180+2"]
[EndTime "11:50:14 PST"]
[Termination "AlexanderL won by checkmate"]

1. d4 Nf6 2. c4 g6 3. g3 Bg7 4.
Bg2 c6 5. Nc3 d5 6. cxd5 cxd5 7.
Nf3 O-O 8. Ne5 e6 9. O-O Nfd7 10. f4 Nc6 11. b3 a5 12. Ba3 Nb4 13. Qd2 Nxe5 14.
fxe5 Bd7 15. e3 Qb6 16. Ne2 Rfc8 17. Rac1 Bf8 18. Nf4 Bb5 19. Rfe1 Qd8 20. Bf1 Bxf1 21. Rxf1 Rxc1 22. Rxc1 Rc8 23. Rxc8 Qxc8 24. Bxb4 Bxb4 25. Qe2 Qc1+ 26. Kg2 Bd2 27. Nd3 Qc3 28. Kf2 b6 29. h4 h5 30. Kf3 Qc2 31. a4 Qc3 32. g4 hxg4+ 33. Kxg4 Bc1 34. Kg5 Ba3 35. Qd1 Be7+ 36. Kg4 f5+ 37. exf6 Bxf6 38. h5 gxh5+ 39. Kxh5 Kf7 40. Qf1 Qd2 41. Ne5+ Ke7 42. Ng4 Bg7 43. Kg6 Bxd4 44. exd4 Qxd4 45. Qf7+ Kd6 46. Qf8+ Kc6 47. Qc8+ Kd6 48. Qb8+ Kc6 49. Ne5+ Kc5 50. Qf8# 1-0

[Event "*** Titled Tuesday 3|2 Blitz (Early)"]
[Site "Chess.com"]
[Date "2017.01.03"]
[Round "4"]
[White "Morshynska"]
[Black "SidArun"]
[Result "0-1"]
[WhiteElo "2104"]
[BlackElo "2050"]
[TimeControl "180+2"]
[EndTime "11:50:26 PST"]
[Termination "SidArun won on time"]

1. Nf3 e6 2. g3 g5 3. d4 h6 4. Bg2 Bg7 5. c4 c6 6. Nc3 d5 7. Qd3 Ne7 8. e4 dxe4 9. Qxe4 f5 10. Qe3 O-O 11. O-O Ng6 12. Rd1 Nd7 13. Qxe6+ Kh7 14. Qe2 Re8 15. Qc2 Nf6 16. Ne5 Be6 17.
Be3 Qc7 18. Nxg6 Kxg6 19. d5 cxd5 20. cxd5 Bf7 21. d6 Qd7 22. Qd3 Rac8 23. Bxa7 Bc4 24. Qd2 b5 25. a3 Bb3 26. Rdc1 Qxa7 27. h3 Bc4 28. b3 Bxb3 29. Nxb5 Qd7 30. Nc7 Ne4 31.
Qb4 Bxa1 32. Qxb3 Qxd6 33. Rxa1 Rxc7 34. a4 Rc3 35. Qb2 Rb8 36. Qe2 Qd3 37. Qe1 Qd2 38.
Qf1 Rb2 39. Qa6+ Qd6 40. Qa8 Nf6 41. g4 Qf4 42. gxf5+ Qxf5 43. Rf1 Rxh3 0-1

[Event "*** Titled Tuesday 3|2 Blitz (Early)"]
[Site "Chess.com"]
[Date "2017.01.03"]
[Round "4"]
[White "IMprovidence"]
[Black "sorito"]
[Result "1-0"]
[WhiteElo "2216"]
[BlackElo "2307"]
[TimeControl "180+2"]
[EndTime "11:50:32 PST"]
[Termination "IMprovidence won on time"]

1. d4 d5 2. c4 e6 3. Nf3 Nf6 4.
Nc3 Be7 5. Bg5 O-O 6. e3 h6 7. Bh4 a6 8. Qc2 dxc4 9. Bxc4 b5 10. Be2 Bb7 11. O-O Nbd7 12. Rfd1 Nd5 13. Bg3 Bd6 14.
Nxd5 Bxd5 15. e4 Bxg3 16. exd5 Bd6 17. dxe6 fxe6 18. Ne5 Qe8 19. Bf3 Nxe5 20. Bxa8 Ng4 21. Bf3 Nxh2 22. Bc6 Qh5 23. Qe4 Ng4 24. Qxe6+ Kh8 25. f3 Qh2+ 26. Kf1 Qh1+ 27. Ke2 Qxg2+ 28. Kd3 Nf2+ 29. Kc3 b4+ 30. Kb3 Nxd1 31. Rxd1 a5 32. Be4 a4+ 33. Kxa4 Qxb2 34. Qg6 Qa3+ 35. Kb5 Rb8+ 36.
Kc6 Qa4+ 37. Kd5 Qb5+ 38. Ke6 1-0

[Event "*** Titled Tuesday 3|2 Blitz (Early)"]
[Site "Chess.com"]
[Date "2017.01.03"]
[Round "4"]
[White "E-Shaposhnikov"]
[Black "Frolyanov_D"]
[Result "1-0"]
[WhiteElo "2732"]
[BlackElo "2493"]
[TimeControl "180+2"]
[EndTime "11:50:39 PST"]
[Termination "E-Shaposhnikov won by resignation"]

1. Nf3 d5 2. d4 Nf6 3. c4 e6 4. Nc3 dxc4 5. e4 Bb4 6. Bxc4 c5 7. O-O cxd4 8. Qxd4 Qxd4 9. Nxd4 a6 10. f3 O-O 11. Be3 b5 12. Bb3 Bb7 13. a4 bxa4 14. Nxa4 Nbd7 15. Rfd1 Rfd8 16. Rac1 Ne5 17. Nc5 Bxc5 18.
Rxc5 Ned7 19. Rc7 Rab8 20. Nxe6 fxe6 21. Bxe6+ Kh8 22. Bxd7 Bc8 23. Ba4 Rxd1+ 24. Bxd1 Be6 25. Bd4 Rd8 26. Bc3 Rxd1+ 27. Kf2 h6 28. Rc6 Bb3 29. Rxa6 Rd7 30. g4 Bc4 31. Rc6 Bb3 32. Rb6 Bg8 33. h4 Ne8 34. Rxh6+ Bh7 35. Rb6 Kg8 36. h5 Nd6 37. g5 Bxe4 38. fxe4 Nxe4+ 39. Ke3 Nxg5 40. Rg6 Re7+ 41. Kd3 Ne6 42. Rg4 Kf7 43. b4 Rd7+ 44.
Kc4 Rc7+ 45. Kb3 Rd7 46. Rg3 Rd5 47. Rh3 Ke8 48. Bxg7 Nxg7 49. h6 Kf7 50. h7 1-0

[Event "*** Titled Tuesday 3|2 Blitz (Early)"]
[Site "Chess.com"]
[Date "2017.01.03"]
[Round "4"]
[White "abubakrtagelsir"]
[Black "Blitzstream"]
[Result "0-1"]
[WhiteElo "2305"]
[BlackElo "2512"]
[TimeControl "180+2"]
[EndTime "11:50:41 PST"]
[Termination "Blitzstream won by resignation"]

1. e4 d5 2. exd5 Qxd5 3. Nc3 Qa5 4. d4 Nf6 5. Nf3 Nc6 6. Bb5 Ne4 7. O-O Nxc3 8.
Bxc6+ bxc6 9. Qd2 Bg4 10. bxc3 Bxf3 11. gxf3 e6 12. c4 Qh5 13. f4 Be7 14. Qe3 O-O 15.
f3 Rad8 16. c3 Rd7 17. c5 Rd5 18. Qe4 Bf6 19. Be3 Qh3 20. Rab1 Rh5 21. Rb2 Qf5 22. Rfb1 Qh3 23. Rg2 h6 24. Qxc6 Rd5 25. Rf1 Qf5 26. Qa6 Kh8 27. Qe2 Rb8 28. Qc2 Qh3 29. Rg3 Qh5 30.
Rg2 a5 31. Rd2 Rf5 32. Rg2 Rg8 33. Qb1 g5 34. Qc2 gxf4 35. Bc1 Qh3 36. Kh1 Rfg5 37.
Rgf2 e5 38. Qe2 exd4 39. Bxf4 Rf5 40. Bg3 Rxg3 41. Rg2 Rxg2 42. Qxg2 Qxg2+ 43. Kxg2 dxc3 44. Rc1 Rxc5 45. Rc2 Rb5 46. Kf2 Rb2 0-1

[Event "*** Titled Tuesday 3|2 Blitz (Early)"]
[Site "Chess.com"]
[Date "2017.01.03"]
[Round "4"]
[White "biostatistician"]
[Black "FastChance"]
[Result "1/2-1/2"]
[WhiteElo "2439"]
[BlackElo "2502"]
[TimeControl "180+2"]
[EndTime "11:50:47 PST"]
[Termination "Game drawn - insufficient material"]

1. d4 e6 2. Nf3 Nf6 3. c4 Bb4+ 4.
Nbd2 d5 5. a3 Be7 6. Qc2 O-O 7. e4 c5 8. cxd5 exd5 9. e5 Nfd7 10. Bd3 g6 11. O-O Nc6 12. Re1 cxd4 13. b4 a6 14. Nb3 Re8 15. Nbxd4 Nxd4 16. Nxd4 Nf8 17. Bb2 Ne6 18. Rac1 Bg5 19. Rcd1 Bd7 20. g3 Rc8 21. Qe2 Ba4 22. Ra1 Qb6 23. Nxe6 fxe6 24. Qg4 Bh6 25.
h4 Bc2 26. Bd4 Qd8 27. Bxc2 Rxc2 28. Re2 Rc4 29. Rd1 Qd7 30. h5 Qf7 31. hxg6 Qxg6 32. Qxg6+ hxg6 33. Kg2 g5 34. Be3 Kg7 35. Rd4 Rec8 36.
Red2 g4 37. Bxh6+ Kxh6 38. f4 gxf3+ 39. Kxf3 Kg5 40. Rxc4 dxc4 41. Ke4 c3 42. Rc2 Kg4 43. Kd4 Kxg3 44. a4 Kf4 45. Rf2+ Kg3 46. Rc2 b5 47.
axb5 axb5 48. Rxc3+ Rxc3 49. Kxc3 Kf4 50. Kd4 Kf5 51. Kc5 Kxe5 52. Kxb5 Kd4 53. Kc6 e5 54. b5 e4 55. b6 e3 56. b7 e2 57. b8=Q e1=Q 58. Qd8+ Ke3 59. Qe7+ Kf2 60. Qxe1+ Kxe1 1/2-1/2

[Event "*** Titled Tuesday 3|2 Blitz (Early)"]
[Site "Chess.com"]
[Date "2017.01.03"]
[Round "4"]
[White "cassoulet"]
[Black "davidarenas1224"]
[Result "1-0"]
[WhiteElo "2328"]
[BlackElo "2201"]
[TimeControl "180+2"]
[EndTime "11:50:53 PST"]
[Termination "cassoulet won by checkmate"]

1. e4 c5 2. Nf3 d6 3. d4 cxd4 4.
Nxd4 Nf6 5. Nc3 g6 6. Be3 a6 7.
f3 b5 8. Qd2 Bb7 9. Bd3 Nbd7 10. O-O Bg7 11. Kh1 O-O 12. Bh6 Rc8 13. Bxg7 Kxg7 14. Rae1 Ne5 15. f4 Nc4 16. Bxc4 Rxc4 17. f5 Qb6 18. Nf3 Nxe4 19. Nxe4 Rxe4 20. fxg6 hxg6 21.
Ng5 Rxe1 22. Qxe1 e5 23. Qh4 Rh8 24. Rxf7+ Kg8 25. Qg4 Qe3 26. Rf1 Bd5 27. Qc8+ Kg7 28. Qd7+ Kh6 29. Nf7+ Bxf7 30. Qxf7 Rc8 31. c3 b4 32. c4 Qe4 33. b3 a5 34. h3 Rh8 35.
Qf6 Rg8 36. Qxd6 Qe3 37. Qf6 Qe4 38. Rd1 Rg7 39. Qf8 Kh7 40. Rd8 g5 41. Qh8+ Kg6 42. Rd6+ Kf7 43. Qh5+ Ke7 44. Rd1 Rf7 45. Qh8 Rf2 46. Qd8+ Kf7 47. Rd7+ Kg6 48. Qg8+ Kh6 49. Qh8+ Kg6 50. Qh7+ Kf6 51. Qf7# 1-0

[Event "*** Titled Tuesday 3|2 Blitz (Early)"]
[Site "Chess.com"]
[Date "2017.01.03"]
[Round "4"]
[White "Dr-Bassem"]
[Black "AndrBaryshpolets"]
[Result "1-0"]
[WhiteElo "2649"]
[BlackElo "2422"]
[TimeControl "180+2"]
[EndTime "11:50:57 PST"]
[Termination "Dr-Bassem won on time"]

1. e4 e5 2. Nf3 Nc6 3. Bb5 Nf6 4.
Qe2 Bc5 5. O-O O-O 6. c3 Re8 7. d3 a6 8. Ba4 b5 9. Bb3 h6 10. Be3 Bf8 11. a4 Rb8 12. axb5 axb5 13. Nbd2 d5 14. exd5 Nxd5 15. Ne4 Be6 16. Ra6 Nxe3 17. Bxe6 Nxf1 18. Bxf7+ Kxf7 19. Rxc6 Rb6 20. Rxb6 cxb6 21. Kxf1 Qd5 22. Ne1 b4 23. Qh5+ Ke7 24. cxb4 Kd7 25.
Nc3 Qe6 26. b5 Bc5 27. Qf3 Rf8 28. Qb7+ Ke8 29. Ne4 Qe7 30. Qc6+ Kf7 31. Nf3 Kg8 32. Qd5+ Kh7 33. Qxe5 Qxe5 34. Nxe5 Bd4 35. Nc4 Rf5 36. Ncd6 Rd5 37. f4 Bxb2 38. Ke2 Ba3 39. Nc4 Bc5 40. Nc3 Rd4 41. g3 Rd8 42. Na4 Bd4 43. Kf3 Re8 44. h4 Kg6 45. g4 h5 46. f5+ Kh7 47. g5 Kg8 48. Kf4 Kf8 49. Naxb6 1-0

[Event "*** Titled Tuesday 3|2 Blitz (Early)"]
[Site "Chess.com"]
[Date "2017.01.03"]
[Round "4"]
[White "ChessWarrior7197"]
[Black "yian123"]
[Result "1-0"]
[WhiteElo "2511"]
[BlackElo "2385"]
[TimeControl "180+2"]
[EndTime "11:50:58 PST"]
[Termination "ChessWarrior7197 won by resignation"]

1. e4 e5 2. Nf3 Nc6 3. Bb5 a6 4.
Ba4 Nf6 5. O-O Be7 6. d3 b5 7. Bb3 d6 8. a3 O-O 9. Nc3 Na5 10.
Ba2 c5 11. Nd5 Be6 12. Ng5 Bxd5 13. exd5 c4 14. dxc4 Nxc4 15. Nf3 Rc8 16. a4 Qd7 17. axb5 axb5 18. b3 Nb6 19. b4 Nc4 20. Bb3 Qb7 21. Nh4 g6 22. Bh6 Rfe8 23. Nf3 Qxd5 24. Qe2 Qe4 25.
Qd1 d5 26. Re1 Qf5 27. Bxc4 Rxc4 28. Rxe5 Qd7 29. Bg5 Rxb4 30. h3 Re4 31. Bxf6 Bxf6 32.
Rxd5 Qxd5 33. Qxd5 Bxa1 34. Qxb5 Bf6 35. g3 Kg7 36. Kg2 R4e7 37. Qd3 Rc7 38. c4 Rec8 39. Nd2 Rd8 40. Qc2 Rdc8 41. Qa4 Bg5 42. Ne4 Bf6 43. c5 Be7 44. Qd4+ f6 45. g4 Rd8 46. Qc3 Kf7 47. Qc4+ Kf8 48. Qe6 Kg7 49. h4 Rd4 50. h5 Rd8 51. g5 Rf8 52. gxf6+ Bxf6 53. Nxf6 Rxc5 54. Qe7+ 1-0